 Dungeon Crawl Stone Soup version 0.31-a0-875-g02e7d12df6 (webtiles) character file.

Game seed: 10003987557321334750

4489 Dirtsage the Grappler (level 10, 0/63 HPs)
             Began as an Octopode Shapeshifter on Oct 12, 2023.
             Was a Follower of Wu Jian.
             Slain by a killer bee (2 damage)
             ... on level 9 of the Dungeon.
             The game lasted 00:16:14 (7366 turns).

Dirtsage the Grappler (Octopode Shapeshifter)       Turns: 7366, Time: 00:16:15

Health: 0/63       AC:  1    Str: 18    XL:     10   Next: 38%
Magic:  10/10      EV: 13    Int: 13    God:    Wu Jian [*.....]
Gold:   390        SH:  0    Dex: 17    Spells: 9/9 levels left

rFire   . .          .
                       - Unarmed
rCold   . . .        (shield currently unavailable)
rNeg    . . .        (helmet restricted)
rPois   .            o - amulet of magic regeneration
rElec   .            f - +4 ring of protection
rCorr   .            w - +6 ring of dexterity
SInv    .            (no ring)
Will    .....        (no ring)
Stlth   +++          (no ring)
HPRegen 0.30/turn    (no ring)
MPRegen 0.52/turn    (no ring)
                     (no ring)

%: no passive effects
@: lethally poisoned (0 -> -11), blade tentacles, corroded
A: reduced hp, almost no armour, amphibious, 8 rings, camouflage 1, gelatinous
body 1, (nimble swimmer 1), tentacles
a: Begin Untransformation, Renounce Religion


You were on level 9 of the Dungeon.
You worshipped Wu Jian.
Wu Jian was aware of your devotion.
You had blades for main tentacles.
You visited 2 branches of the dungeon, and saw 10 of its levels.

You collected 444 gold pieces.
You spent 54 gold pieces at shops.

Inventory:

Armour
 D - a +1 hat of intelligence
Magical Staves
 B - a staff of conjuration
Jewellery
 f - a +4 ring of protection (left blade tentacle)
 o - an amulet of magic regeneration (around mantle)
 w - a +6 ring of dexterity (right blade tentacle)
Talismans
 b - a beast talisman
 c - a flux talisman
 j - a flux talisman
 l - a blade talisman (active)
Wands
 a - a wand of iceblast (9)
 E - a wand of quicksilver (2)
Scrolls
 e - a scroll of summoning
 g - 4 scrolls of noise
 k - 2 scrolls of poison
 m - a scroll of blinking {unknown}
 n - a scroll of vulnerability {unknown}
 p - 2 scrolls of enchant armour
 r - 2 scrolls of enchant weapon
 t - 7 scrolls of teleportation
 v - a scroll of silence
 x - a scroll of amnesia {unknown}
 y - a scroll of acquirement {unknown}
 z - a scroll of fear {unknown}
Potions
 d - 2 potions of magic {unknown}
 h - a potion of haste
 q - 5 potions of curing
 u - a potion of enlightenment {unknown}
 A - a potion of brilliance {unknown}
 C - 2 potions of heal wounds {unknown}


   Skills:
 + Level 6.6 Fighting
 - Level 2.0 Dodging
 * Level 10.0 Unarmed Combat
 * Level 9.2 Shapeshifting


You had 9 spell levels left.
You didn't know any spells.
Your spell library contained the following spells:

 Spells                   Type           Power      Damage    Failure   Level
 Freeze                   Ice            0%         1d3       30%         1
 Frozen Ramparts          Ice            0%         1d1       67%         3
 Hailstorm                Conj/Ice       0%         3d3       67%         3
 Petrify                  Tmut/Erth      0%         N/A       97%         4
 Metabolic Englaciation   Hex/Ice        0%         N/A       100%        5


Dungeon Overview and Level Annotations

Branches:
Dungeon (9/15)             Temple (1/1) D:6
   Lair: D:8-11         Orc: D:9-12

Altars:
Ashenzari
Cheibriados
Dithmenos
Elyvilon
Fedhas
Gozag
Hepliaklqana
Kikubaaqudgha
Makhleb
Nemelex Xobeh
Okawaru
Qazlal
Ru
Sif Muna
Trog
Uskayaw
Vehumet
Wu Jian
Xom
Zin
The Shining One

Shops:
D:3 *   D:4 :

Annotations:
D:7 2 transporters, exclusion: ice statue, Pi314's ghost, novice DrCj


Innate Abilities, Weirdness & Mutations

You have blades for main tentacles.
Your maximum health is decreased, since you lack skill for your form.
You are incapable of wielding weapons or throwing items.
You cannot wear most types of armour.
You are amphibious.
You can wear up to eight rings at the same time.
Your skin changes colour to match your surroundings (Stealth+).
Your rubbery body absorbs attacks. (AC +1, EV +1)
((You are camouflaged when in or above water. (Stealth+)))
You have tentacles for arms and can constrict up to eight enemies at once.


Message History

You take 2 damage, and have 37/63 hp.
You slash the acid dragon!
The acid dragon is heavily wounded.
The acid dragon bites you. The acid dragon claws you.
You take 5 damage, and have 32/63 hp.
You hit the acid dragon but do no damage.
Your squeeze misses the acid dragon.
The acid dragon is heavily wounded.
The killer bee stings you. x2; The acid dragon bites you!
* * * LOW HITPOINT WARNING * * *
The acid dragon claws you.
* * * LOW HITPOINT WARNING * * *
You take 20 damage, and have 12/63 hp.
MASSIVE DAMAGE!!
You closely miss the acid dragon.
The acid dragon is heavily wounded.
The killer bee misses you. The killer bee closely misses you.
The acid dragon bites you.
* * * LOW HITPOINT WARNING * * *
The acid dragon claws you.
* * * LOW HITPOINT WARNING * * *
You take 1 damage, and have 11/63 hp.
The killer bee attacks as it pursues you!
The killer bee barely misses you. The killer bee closely misses you.
You see here a killer bee corpse.
You feel better. The killer bee misses you. The killer bee closely misses you.
You regained 8 hp, and now have 19/63 hp.
You barely miss the killer bee. Your grab misses the killer bee.
The killer bee stings you!
* * * LOW HITPOINT WARNING * * *
You are poisoned.
The killer bee poisons you!
You take 9 damage, and have 10/63 hp.
You slash the killer bee! Your grab misses the killer bee.
Your squeeze misses the killer bee.
The killer bee is heavily wounded.
You feel sick. The killer bee stings you!
* * * LOW HITPOINT WARNING * * *
You are more poisoned.
The killer bee poisons you! The killer bee stings you.
You die...

......... ♣⌠....⌠ ♣..).♣ ..
♣♣...|♣♣ ..
..⌠♣♣⌠....⌠♣♣⌠..
...............?
................ ##########
#######''#########.........
#.Dy@........########
##############


You could see an acid dragon and a killer bee.

Vanquished Creatures
  Maurice (D:8)
  Psyche (D:8)
  A red devil (D:9)
  4 yaks (D:8)
  Sigmund (D:5)
  A wyvern (D:9)
  A steam dragon (D:9)
  A water moccasin (D:5)
  An acid dragon (D:9)
  2 orc warriors
  An ice beast (D:6)
  An ogre (D:4)
  3 sky beasts (D:7)
  A centaur (D:8)
  A phantom (D:6)
  A kobold brigand (D:8)
  Blork the orc (D:4)
  3 bullfrogs
  A gnoll sergeant (D:9)
  2 scorpions (D:6)
  5 killer bees
  A howler monkey (D:5)
  2 electric eels (D:8)
  A crimson imp (D:3)
  7 hounds
  A jelly (D:6)
  4 orc priests
  6 orc wizards
  3 iguanas
  4 gnolls
  10 adders
  A white imp (D:6)
  An ufetubus (D:5)
  4 worms
  A dart slug (D:1)
  29 orcs
  3 endoplasms
  A giant cockroach (D:3)
  5 goblins
  3 hobgoblins
  6 jackals (D:1)
  A quokka (D:5)
  3 ball pythons
  6 bats
  5 frilled lizards
  6 kobolds
  5 rats
153 creatures vanquished.

Notes
Turn   | Place    | Note
-------+----------+-------------------------------------------
     0 | D:1      | Dirtsage the Octopode Shapeshifter began the quest for the
                  | Orb.
     0 | D:1      | Reached XP level 1. HP: 13/13 MP: 1/1
   427 | D:1      | Reached XP level 2. HP: 17/18 MP: 2/2
   796 | D:2      | Reached XP level 3. HP: 23/23 MP: 3/3
   893 | D:2      | Found a faded altar of an unknown god.
  1440 | D:3      | Reached XP level 4. HP: 12/29 MP: 4/4
  1671 | D:3      | Reached skill level 4 in Unarmed Combat
  1989 | D:3      | Reached XP level 5. HP: 30/34 MP: 5/5
  2010 | D:3      | Found a burning altar of Makhleb.
  2010 | D:3      | Found a shimmering altar of Xom.
  2101 | D:3      | Found Tiles's Assorted Antiques.
  2160 | D:3      | Bought a scroll labelled TIONNAU OLUN for 18 gold pieces
  2160 | D:3      | Bought a scroll of identify for 36 gold pieces
  2305 | D:4      | Found Toryr's Book Emporium.
  2420 | D:4      | Noticed an ogre
  2428 | D:4      | Killed an ogre
  2429 | D:4      | Reached XP level 6. HP: 41/41 MP: 6/6
  2696 | D:4      | Noticed Blork the orc
  2705 | D:4      | Killed Blork the orc
  2706 | D:4      | Reached skill level 5 in Unarmed Combat
  2816 | D:5      | Entered Level 5 of the Dungeon
  2872 | D:5      | Reached skill level 5 in Shapeshifting
  2901 | D:5      | Found a broken altar of Ashenzari.
  2905 | D:5      | Noticed a water moccasin
  2909 | D:5      | Reached XP level 7. HP: 43/46 MP: 7/7
  3251 | D:5      | Noticed Sigmund
  3258 | D:5      | Killed Sigmund
  3259 | D:5      | Reached skill level 6 in Unarmed Combat
  3259 | D:5      | Reached XP level 8. HP: 41/54 MP: 8/8
  3473 | D:5      | Found an ancient bone altar of Kikubaaqudgha.
  3596 | D:6      | Found a staircase to the Ecumenical Temple.
  3621 | Temple   | Entered the Ecumenical Temple
  3639 | Temple   | Became a worshipper of the Wu Jian Council
  4233 | D:6      | Found an iron altar of Okawaru.
  4355 | D:6      | Reached skill level 7 in Unarmed Combat
  4706 | D:7      | Noticed an ice statue
  4710 | D:7      | Noticed a slime creature
  4719 | D:7      | Found a transporter.
  4991 | D:7      | Identified the +2 helmet "Nopyapiss" {rPois rCorr Int+5}
  5175 | D:7      | Found a transporter.
  5212 | D:7      | Noticed Pi314's ghost (novice DrCj)
  5304 | D:8      | Reached XP level 9. HP: 60/60 MP: 9/9
  5374 | D:8      | Reached * piety under Wu Jian
  5375 | D:8      | Reached skill level 5 in Fighting
  5454 | D:8      | Reached skill level 8 in Unarmed Combat
  5734 | D:8      | Noticed Psyche
  5917 | D:8      | Killed Psyche
  6021 | D:8      | Noticed Maurice
  6029 | D:8      | Reached skill level 9 in Unarmed Combat
  6038 | D:8      | Maurice stole a flux talisman
  6041 | D:8      | Something stole 347 gold
  6042 | D:8      | Killed Maurice
  6043 | D:8      | Reached XP level 10. HP: 45/68 MP: 10/10
  7047 | D:9      | Found a glowing silver altar of Zin.
  7325 | D:9      | Reached skill level 10 in Unarmed Combat
  7366 | D:9      | HP: 2/63 [killer bee (8)]
  7366 | D:9      | Slain by a killer bee

Illustrated notes

Levels and vault maps discovered:
D:1:      eino_arrival_cavern_c, layout_loops_ring, chequers_mini_garden,
          hangedman_decor_push
D:2:      layout_basic, hellmonk_ecumenical_altar_pennies_from_heaven,
          grunt_decor_mini_mirrors
D:3:      layout_loops_ring, grunt_temple_overflow_champion_of_chaos,
          serial_shops, nicolae_shop_competitors_out_of_business,
          minmay_misc_feat_room, st_stairs_11
D:4:      layout_basic, serial_shops, shop, uniq_blork_the_orc
D:5:      layout_basic, general_overflow_altar, overflow_temple_1_default,
          uniq_sigmund
D:6:      layout_cave_pods, okawaru_ov_weapons_minmay,
          minmay_temple_entry_junction, kennysheep_cluttered_room,
          minmay_pentangle
D:7:      layout_rooms, nzn_ghost_randoct
D:8:      layout_basic, kennysheep_opposing_triangles, uniq_maurice, uniq_psyche
D:9:      layout_rooms, zin_academy, lair_entry_dummy, serial_demonic,
          serial_demonic_g, serial_demonic_a, serial_demonic_b,
          serial_demonic_d, serial_demonic_b, ebering_ghost_reflecting_pool,
          minmay_misc_feat_pillars, minmay_misc_feat_four_crosses,
          kennysheep_dice
Temple:   bh_familiar_temple

Skill      XL: |  1  2  3  4  5  6  7  8  9 10 |
---------------+-------------------------------+-----
Fighting       | 2 3 4 6 |  6.6
Unarmed Combat | 4 5 6 7 9 10 | 10.0
Shapeshifting  | 4 5 7 8 9 |  9.2
Dodging        | |  2.0

Action                     |  1- 3 |  4- 6 |  7- 9 | 10-12 || total
---------------------------+-------+-------+-------+-------++-------
  Melee: Unarmed           |    66 |    92 |   165 |    46 ||   369
         Constrict         |    15 |    27 |    24 |    10 ||    76
         Tentacles         |    10 |    20 |    30 |     9 ||    69
         Punch             |       |     6 |     7 |     3 ||    16
  Throw: Throwing net      |       |     1 |     1 |       ||     2
Ability: Lunge             |       |       |    13 |     7 ||    20
  Evoke: Wand              |       |       |     3 |       ||     3
    Use: Scroll            |       |     7 |     6 |       ||    13
         Potion            |       |       |     4 |     1 ||     5
   Stab: Sleeping          |     4 |     4 |    10 |     2 ||    20
         Held in net/web   |       |     1 |       |       ||     1
 Armour: Skin              |    26 |    26 |    92 |    38 ||   182
  Dodge: Dodged            |    28 |    43 |    64 |    31 ||   166
   Form: Blade             |       |       |       |     1 ||     1

Table legend: (Time is in decaauts)
 A = Elapsed time spent in this place.
 B = Non-inter-level travel time spent in this place.
 C = Inter-level travel time spent in this place.
 D = Time resting spent in this place.
 E = Time spent auto-exploring this place.
 F = Levels seen in this place.
 G = Mean time per level.
                   A        B        C        D        E       F      G
               +--------+--------+--------+--------+--------+-----+--------+
         Total |   7325 |   7107 |    218 |    776 |   5267 |  10 |  732.5 |
       Dungeon |   7289 |   7104 |    185 |    776 |   5267 |   9 |  809.9 |
        Temple |     35 |      2 |     33 |      0 |      0 |   1 |   35.0 |
               +--------+--------+--------+--------+--------+-----+--------+

Top non-repeatable levels by time:
     D:8: 1624 daAuts
     D:6: 1074 daAuts
     D:3: 746 daAuts
     D:5: 738 daAuts
     D:1: 738 daAuts
     D:2: 687 daAuts
     D:4: 633 daAuts
     D:7: 614 daAuts
     D:9: 432 daAuts
  Temple: 35 daAuts
